 Dungeon Crawl Stone Soup version 0.30.0-5-g1a98f26d00 (webtiles) character file.

Game seed: 6184197245218922855

6932 Kranky the Spear-Bearer (level 10, -5/91 HPs)
             Began as a Minotaur Berserker on May 10, 2023.
             Was a High Priest of Trog.
             Slain by a death yak (15 damage)
             ... on level 9 of the Dungeon.
             The game lasted 00:23:42 (8676 turns).

Kranky the Spear-Bearer (Minotaur Berserker)        Turns: 8676, Time: 00:23:44

Health: -5/91      AC: 16    Str: 25    XL:     10   Next: 80%
Magic:  9/9        EV:  9    Int:  4    God:    Trog [*****.]
Gold:   544        SH:  0    Dex: 11    Spells: 9/9 levels left

rFire   . . .        h - +1 scythe (venom)
rCold   + + .        (shield currently unavailable)
rNeg    . . .        d - +1 shadow dragon scales
rPois   +            (helmet restricted)
rElec   .            p - scarf {shadows}
rCorr   .            (no gloves)
SInv    +            (no boots)
Will    ++...        a - amulet "Puof" {RegenMP +Inv rC+ SInv Stlth+}
Stlth   ++++         I - ring of protection from cold
HPRegen 1.35/turn    L - ring of poison resistance
MPRegen 0.51/turn

%: no passive effects
@: strong-willed, regenerating
A: horns 2, retaliatory headbutt
a: Renounce Religion, Evoke Invisibility, Berserk, Trog's Hand, Brothers in Arms


You were on level 9 of the Dungeon.
You worshipped Trog.
Trog was extremely pleased with you.
You visited 1 branch of the dungeon, and saw 9 of its levels.
You also visited: Sewer and Ossuary.

You collected 764 gold pieces.
You spent 220 gold pieces at shops.

Inventory:

Hand Weapons
 b - a +2 trident of protection
 h - a +1 scythe of venom (weapon)
Missiles
 w - 45 poisoned darts (quivered)
 x - a curare-tipped dart
Armour
 d - +1 shadow dragon scales (worn)
 p - a scarf of shadows (worn)
Jewellery
 a - the amulet "Puof" (around neck) {RegenMP +Inv rC+ SInv Stlth+}
   (You acquired it on level 8 of the Dungeon)

   [amulet of magic regeneration]

   It increases your rate of magic regeneration.
   rC:        It protects you from cold.
   SInv:      It lets you see invisible.
   +Inv:      It lets you turn invisible.
   Stlth:     It makes you more stealthy.
 I - a ring of protection from cold (left hand)
 J - a ring of fire
 L - a ring of poison resistance (right hand)
Wands
 K - a wand of flame (49)
Scrolls
 c - 4 scrolls of fog
 n - a scroll of enchant armour
 o - 4 scrolls of teleportation
 q - 3 scrolls of amnesia {unknown}
 r - a scroll of blinking
 s - a scroll of enchant weapon {unknown}
 u - 3 scrolls of butterflies
 y - a scroll of silence {unknown}
 D - a scroll of poison {unknown}
 F - a scroll of vulnerability {unknown}
 H - a scroll of fear {unknown}
 N - 2 scrolls of immolation {unknown}
Potions
 e - a potion of flight
 f - 5 potions of curing
 g - a potion of haste {unknown}
 l - 4 potions of heal wounds
 v - 2 potions of invisibility
 z - a potion of ambrosia {unknown}
 A - 2 potions of cancellation
 B - a potion of lignification {unknown}
 G - a potion of berserk rage {unknown}


   Skills:
 + Level 9.6 Fighting
 - Level 14.1 Polearms
 + Level 9.4 Armour
 - Level 3.5 Dodging
 + Level 4.0 Stealth
 * Level 1.6 Evocations


You had 9 spell levels left.
You didn't know any spells.
Your spell library was empty.

Dungeon Overview and Level Annotations

Branches:
Dungeon (9/15)             Temple (0/1) D:5            Lair (0/5) D:9
  Sewer (visited)         Ossuary (visited)
    Orc: D:9-12

Altars:
Makhleb
Zin

Shops:
D:2 *   D:3 ?


Innate Abilities, Weirdness & Mutations

You have a pair of horns on your head.
You reflexively headbutt those who attack you in melee.


Message History

The death yak gores you!
You hit the death yak.
The death yak looks as sick as possible!
Your headbutt misses the death yak.
The death yak is severely wounded.
A quokka comes into view.
You puncture the death yak!
The death yak looks as sick as possible!
You headbutt the death yak.
You kill the death yak!
Trog accepts your kill.
A rat comes into view.
Your Evocations skill increases to level 1!
You impale the death yak!! You headbutt the death yak.
The death yak is moderately wounded.
The death yak closely misses you. You furiously retaliate!
You headbutt the death yak, but do no damage.
You barely miss the death yak.
The death yak is moderately wounded.
The death yak gores you!!
Your skin crawls.
You feel strong-willed. The death yak closely misses you.
The death yak attacks as you move away! The death yak gores you!!
* * * LOW HITPOINT WARNING * * *
Your cyclops goes berserk!
The death yak gores you!
* * * LOW HITPOINT WARNING * * *
The death yak snorts and paws the ground.
The death yak attacks as you move away! The death yak barely misses you.
You furiously retaliate!
You headbutt the death yak. The death yak attacks as you move away!
The death yak gores you!
* * * LOW HITPOINT WARNING * * *
Your cyclops hits the death yak but does no damage.
Your cyclops hits the death yak. The death yak attacks as you move away!
The death yak gores you but does no damage.
The death yak gores your cyclops!! The death yak attacks as you move away!
The death yak gores you!
You die...

.# #.# #..# .#####.# #..#
.......# #..# .#######
##..# .# #...# .#
#..##### .# #....... .#
########...#### .#
.........@.# #####.#.#Y#
#:....#C# #######
#####.###.#.####.....#
#.....# #...Y.Yr?#
....###.###.#.#####r..(..
<# #.....#.# ......
###.#.#.# ..r... #.#.#.#
.....#


You could see 2 death yaks and a friendly cyclops (summoned, berserk).

Vanquished Creatures
  A two-headed ogre (D:8)
  A death yak (D:9)
  Pikel (D:4)
  A kobold demonologist (D:8)
  Prince Ribbit (D:8)
  Sigmund (D:3)
  A steam dragon (D:7)
  2 water moccasins
  5 orc warriors
  3 black bears
  2 ice beasts (D:7)
  5 ogres
  2 centaurs
  9 kobold brigands
  A lemure (D:4)
  2 bullfrogs
  A gnoll sergeant (D:8)
  2 water moccasin zombies (Ossuary)
  5 wights (D:7)
  11 killer bees
  4 hounds
  A jelly (D:6)
  A sleepcap (D:6)
  5 orc priests
  5 iguanas
  8 orc wizards
  3 mummies
  Robin (D:3)
  18 gnolls
  3 river rats (Sewer)
  15 adders
  A shadow imp (D:6)
  3 white imps
  9 adder zombies (Ossuary)
  4 worms
  A dart slug (D:1)
  14 orcs
  4 bats
  8 endoplasms
  7 giant cockroaches
  2 gnoll zombies (Ossuary)
  9 goblins
  8 hobgoblins
  8 jackals
  5 quokkas
  7 ball pythons
  5 frilled lizards
  6 hobgoblin zombies (Ossuary)
  20 kobolds
  3 kobold zombies (Ossuary)
  8 orc zombies (Ossuary)
  8 rats
261 creatures vanquished.

Notes
Turn   | Place    | Note
-------+----------+-------------------------------------------
     0 | D:1      | Kranky the Minotaur Berserker began the quest for the Orb.
     0 | D:1      | Reached XP level 1. HP: 19/19 MP: 0/0
   263 | D:1      | Reached skill level 4 in Polearms
   263 | D:1      | Reached XP level 2. HP: 27/27 MP: 1/1
   685 | D:2      | Reached XP level 3. HP: 33/33 MP: 2/2
  1044 | D:1      | Reached XP level 4. HP: 27/41 MP: 3/3
  1162 | D:2      | Reached ** piety under Trog
  1165 | D:2      | Reached skill level 5 in Polearms
  1225 | D:2      | Reached skill level 1 in Stealth
  1370 | D:2      | Found Giof Soxt's Assorted Antiques.
  1593 | D:3      | Found Fisuk's Magic Scroll Shop.
  1610 | D:3      | Bought a scroll of fog for 40 gold pieces
  1610 | D:3      | Bought a scroll of blinking for 75 gold pieces
  1610 | D:3      | Bought a scroll of identify for 20 gold pieces
  1610 | D:3      | Bought a scroll of magic mapping for 75 gold pieces
  1610 | D:3      | Bought a scroll of noise for 10 gold pieces
  1624 | D:3      | Noticed Robin
  1635 | D:3      | Reached XP level 5. HP: 46/47 MP: 4/4
  1655 | D:3      | Killed Robin
  1758 | D:3      | Found a faded altar of an unknown god.
  1913 | D:3      | Noticed Sigmund
  1925 | D:3      | Killed Sigmund
  1926 | D:3      | Reached skill level 6 in Polearms
  1926 | D:3      | Reached XP level 6. HP: 51/53 MP: 5/5
  2684 | D:4      | Noticed Pikel
  2754 | D:3      | Reached skill level 7 in Polearms
  2754 | D:3      | Reached XP level 7. HP: 43/60 MP: 6/6
  2858 | D:4      | Found a glowing drain.
  2861 | D:4      | Reached *** piety under Trog
  2873 | D:4      | Reached skill level 5 in Fighting
  2892 | Sewer    | Entered a sewer
  3584 | Sewer    | Reached skill level 8 in Polearms
  3584 | Sewer    | Reached skill level 5 in Armour
  4129 | D:4      | Killed Pikel
  4130 | D:4      | Reached skill level 9 in Polearms
  4130 | D:4      | Reached XP level 8. HP: 62/70 MP: 7/7
  4386 | D:5      | Entered Level 5 of the Dungeon
  4398 | D:5      | Reached **** piety under Trog
  4467 | D:5      | Reached skill level 10 in Polearms
  4502 | D:5      | Reached XP level 9. HP: 46/78 MP: 8/8
  4540 | D:5      | Found a sand-covered staircase.
  4546 | Ossuary  | Entered an ossuary
  4729 | Ossuary  | Reached ***** piety under Trog
  5071 | D:5      | Found a staircase to the Ecumenical Temple.
  5327 | D:6      | Reached skill level 11 in Polearms
  5843 | D:7      | Reached skill level 12 in Polearms
  6258 | D:7      | Reached XP level 10. HP: 75/88 MP: 9/9
  6701 | D:8      | Noticed Prince Ribbit
  6711 | D:8      | Killed Prince Ribbit
  6712 | D:8      | Reached skill level 13 in Polearms
  7532 | D:8      | Noticed a two-headed ogre
  7543 | D:8      | Killed a two-headed ogre
  7630 | D:8      | Found a burning altar of Makhleb.
  7937 | D:8      | Found a glowing silver altar of Zin.
  7987 | D:8      | Reached skill level 14 in Polearms
  8454 | D:8      | Identified a scroll of acquirement
  8454 | D:8      | Acquired the amulet "Puof" {RegenMP +Inv rC+ SInv Stlth+}
  8651 | D:9      | Noticed a death yak
  8652 | D:9      | Found a staircase to the Lair.
  8657 | D:9      | Noticed a death yak
  8660 | D:9      | Noticed a death yak
  8664 | D:9      | Killed a death yak
  8665 | D:9      | Reached skill level 1 in Evocations
  8672 | D:9      | HP: 4/91 [death yak (11)]
  8676 | D:9      | Slain by a death yak

Illustrated notes

Levels and vault maps discovered:
D:1:      lemuel_arrival_river_ford, layout_loops_ring
D:2:      layout_loops_ring, serial_shops, shop
D:3:      layout_loops_ring, dreamdust_ecumenical_altar_angels_and_demons,
          serial_shops, shop, uniq_sigmund, uniq_robin
D:4:      layout_rooms, gup_sewer_entry_pipe, uniq_pikel
D:5:      layout_cave_pools, minmay_temple_entry_trees,
          gup_ossuary_entry_pyramid
D:6:      layout_cave_pools, serial_rivers, chequers_serial_rivers_micro_d,
          chequers_serial_rivers_small_b, chequers_serial_rivers_micro_c,
          chequers_serial_rivers_room_a, chequers_serial_rivers_micro_b
D:7:      layout_rooms, minivault_19
D:8:      layout_layer_cave, lemuel_doored_altar, lemuel_tele_altar,
          uniq_prince_ribbit1
D:9:      layout_loops_ring, dpeg_lair_monsters

Skill      XL: |  1  2  3  4  5  6  7  8  9 10 |
---------------+-------------------------------+-----
Polearms       | 4 5 6 7 9 10 12 14 | 14.1
Fighting       | 4 6 8 9 |  9.6
Stealth        | 1 2 3 4 |  4.0
Armour         | 3 4 5 6 7 9 |  9.4
Dodging        | 3 |  3.5
Evocations     | 1 |  1.6

Action                     |  1- 3 |  4- 6 |  7- 9 | 10-12 || total
---------------------------+-------+-------+-------+-------++-------
  Melee: Spear             |    48 |       |       |       ||    48
         Headbutt          |     6 |    11 |    36 |    21 ||    74
         Punch             |     1 |       |       |       ||     1
         Halberd           |    16 |   107 |   399 |   130 ||   652
         Trident           |       |    32 |       |       ||    32
  Throw: Dart              |       |       |       |     1 ||     1
 Invoke: Trog's Hand       |       |     1 |       |     1 ||     2
         Berserk           |       |     1 |       |       ||     1
         Brothers in Arms  |       |       |       |     1 ||     1
    Use: Scroll            |       |     4 |       |    10 ||    14
         Potion            |       |       |     1 |       ||     1
   Stab: Sleeping          |     6 |    12 |    25 |     2 ||    45
         Distracted        |     1 |     1 |       |       ||     2
 Armour: Animal skin       |     1 |       |       |       ||     1
         Shadow dragon sca |    20 |    75 |   134 |    40 ||   269
  Dodge: Dodged            |    10 |    57 |   135 |    50 ||   252
